 Dungeon Crawl Stone Soup version 0.21.1-1-g345015fe64 (webtiles) character file.

278 Jyngge the Chopper (level 6, -2/53 HPs)
             Began as a Minotaur Fighter on June 23, 2018.
             Slain by a gnoll (5 damage)
             ... on level 2 of the Dungeon.
             The game lasted 00:06:43 (1684 turns).

Jyngge the Chopper (Minotaur Fighter)               Turns: 1684, Time: 00:06:44

Health: -2/53      AC:  6    Str: 22    XL:     6   Next: 5%
Magic:  5/5        EV:  8    Int:  5    God:
Gold:   77         SH: 10    Dex: 10    Spells: 5/5 levels left

rFire    . . .     SeeInvis .   a - +0 war axe
rCold    . . .     Gourm    .   c - +0 shield
rNeg     . . .     Faith    .   b - +0 scale mail
rPois    .         Spirit   .   (helmet restricted)
rElec    .         Reflect  .   (no cloak)
rCorr    .         Harm     .   n - -2 pair of gloves (curse)
MR       .....                  (no boots)
Stlth    ..........             (no amulet)
HPRegen  0.17/turn              (no ring)
MPRegen  0.09/turn              (no ring)

@: drained
A: retaliatory headbutt, horns 2
a: no special abilities


You were on level 2 of the Dungeon.
You were hungry.

You visited 1 branch of the dungeon, and saw 2 of its levels.

You collected 77 gold pieces.

Inventory:

Hand Weapons
 a - a +0 war axe (weapon)
 r - a cursed +3 battleaxe
 s - a +2 spear
 t - a +3 morningstar
Armour
 b - a +0 scale mail (worn)
 c - a +0 shield (worn)
 h - a +0 plate armour
 n - a cursed -2 pair of gloves (worn)
 q - a +0 plate armour
Magical Staves
 v - an uncursed staff of poison {unknown}
Jewellery
 k - an uncursed amulet of harm {unknown}
Scrolls
 e - a scroll of identify {unknown}
 j - a scroll of enchant armour {unknown}
 l - 4 scrolls of remove curse {unknown}
 m - a scroll of amnesia {unknown}
Potions
 d - a potion of might
 g - 3 potions of mutation {unknown}
 i - 2 potions of agility
 o - a potion of magic {unknown}
 u - a potion of cancellation {unknown}
Comestibles
 f - 5 rations


   Skills:
 + Level 4.7(4.6) Fighting
 + Level 5.2 Axes
 + Level 4.4(4.3) Armour
 + Level 1.1(1.0) Dodging
 + Level 0.2(0.1) Stealth
 + Level 4.9 Shields


You had 5 spell levels left.
You didn't know any spells.

Dungeon Overview and Level Annotations

Branches:
Dungeon (2/15)

Altars:
Ashenzari
Nemelex Xobeh
Uskayaw


Innate Abilities, Weirdness & Mutations

You reflexively headbutt those who attack you in melee.
You have a pair of horns on your head.


Message History

You miss the adder.
The gnoll hits you from afar with a halberd.
You block the gnoll's attack. The adder closely misses you.
You slash the adder!
You kill the adder!
The gnoll barely misses you. x2
The gnoll hits you from afar with a halberd!
The gnoll hits you but does no damage.
You hit the gnoll but do no damage. The gnoll barely misses you.
The gnoll completely misses you.
The gnoll hits you from afar with a halberd.
You hit the gnoll but do no damage. You headbutt the gnoll.
The gnoll is lightly wounded.
You block the gnoll's attack. The gnoll hits you.
* * * LOW HITPOINT WARNING * * *
The gnoll closely misses you.
The gnoll hits you from afar with a halberd!
* * * LOW HITPOINT WARNING * * *
The gnoll hits you.
You die...

.........# #...#.........
........####.............
.........................
............. ...........
.(........... ..........
..8.......... #.........
............# #ggS......
..8÷.÷......#.###g#######
............+...@.#.....#
..8.........####..##.##.#
............# #..#.. #.#
####........# #..#.. #.##
#........# #..#<. #..##
##########+## #..#####...#
......####..####......⌠.⌠.#
..................###.._..#
..................# ##⌠.⌠.#


You could see 2 gnolls and an adder.

Vanquished Creatures
  5 wights (D:2)
  3 adders (D:2)
  A gnoll (D:2)
  A worm (D:2)
  2 dart slugs (D:1)
  A leopard gecko (D:1)
  4 goblins
  7 hobgoblins
  6 kobolds
  A quokka (D:2)
  A ball python (D:2)
  3 bats (D:1)
  2 frilled lizards (D:1)
  5 rats
42 creatures vanquished.

Notes
Turn   | Place    | Note
-------+----------+-------------------------------------------
     0 | D:1      | Jyngge the Minotaur Fighter began the quest for the Orb.
     0 | D:1      | Reached XP level 1. HP: 19/19 MP: 0/0
   154 | D:1      | Reached XP level 2. HP: 27/27 MP: 1/1
   455 | D:1      | Reached skill level 3 in Axes
   506 | D:1      | Reached XP level 3. HP: 32/33 MP: 2/2
   785 | D:2      | Found a hide-covered altar of Uskayaw.
   797 | D:2      | Reached XP level 4. HP: 34/40 MP: 3/3
   961 | D:2      | Reached skill level 4 in Axes
  1190 | D:2      | Reached XP level 5. HP: 34/47 MP: 4/4
  1264 | D:2      | Reached skill level 5 in Axes
  1264 | D:2      | Reached skill level 1 in Dodging
  1519 | D:2      | Found a shattered altar of Ashenzari.
  1634 | D:2      | Found a sparkling altar of Nemelex Xobeh.
  1677 | D:2      | Reached XP level 6. HP: 48/53 MP: 5/5
  1684 | D:2      | Slain by a gnoll

Skill      XL: |  1  2  3  4  5 |
---------------+----------------+-----
Fighting       | 4 |  4.7
Shields        | 4 |  4.9
Axes           | 3 4 5 |  5.2
Armour         | 4 |  4.4
Dodging        | 1 |  1.1
Stealth        | |  0.2

Action                   |  1- 3 |  4- 6 || total
-------------------------+-------+-------++-------
Melee: War axe           |    72 |    44 ||   116
       Headbutt          |     4 |     8 ||    12
  Eat: Chunk             |       |     2 ||     2
Armor: Scale mail        |    47 |    15 ||    62
Dodge: Dodged            |    14 |    17 ||    31
Block: Shield            |    43 |    23 ||    66
